 Dungeon Crawl Stone Soup version 0.21.1-1-g345015fe64 (webtiles) character file.

38109 Redear the Brawler (level 13, 84/101 HPs)
             Began as a Demonspawn Berserker on Mar 7, 2018.
             Was an Elder of Trog.
             Starved to death
             ... while paralysed
             ... on level 14 of the Dungeon on Mar 8, 2018.
             The game lasted 02:46:38 (19097 turns).

Redear the Brawler (Demonspawn Berserker)          Turns: 19097, Time: 02:46:39

Health: 84/101     AC: 16    Str: 22    XL:     13   Next: 62%
Magic:  11/13      EV:  2    Int:  9    God:    Trog [****..]
Gold:   343        SH:  0    Dex: 13    Spells: 12/12 levels left

rFire    . . .     SeeInvis +     - Unarmed
rCold    . . .     Gourm    .   V - +0 buckler
rNeg     . . .     Faith    .   m - +3 ring mail
rPois    +         Spirit   +   J - +0 helmet
rElec    .         Reflect  .   (no cloak)
rCorr    .         Harm     .   a - +0 pair of gloves
MR       .....                  I - +0 pair of boots
Stlth    ++........             (no amulet)
HPRegen  0.26/turn              F - ring of poison resistance
MPRegen  0.26/turn              R - ring of see invisible

@: paralysed, fainting
A: hooves 2, icy blue scales 2, demonic guardian 1, magic shield, magic
regeneration, magic link
a: Berserk, Trog's Hand, Brothers in Arms, Burn Spellbooks, Renounce Religion


You were on level 14 of the Dungeon.
You worshipped Trog.
Trog was greatly pleased with you.
You were fainting.

You visited 3 branches of the dungeon, and saw 16 of its levels.

You collected 668 gold pieces.
You spent 325 gold pieces at shops.

Inventory:

Armour
 a - a +0 pair of gloves (worn)
 m - a +3 ring mail (worn)
 y - a cursed -1 ring mail
 H - a +2 ring mail of fire resistance
 I - a +0 pair of boots (worn)
 J - a +0 helmet (worn)
 V - a +0 buckler (worn)
Jewellery
 t - an uncursed ring of ice
 x - a cursed ring of teleportation
 F - a ring of poison resistance (left hand)
 R - a ring of see invisible (right hand)
Wands
 A - a wand of paralysis (15)
 Q - a wand of iceblast (18)
Scrolls
 c - 4 scrolls of teleportation
 d - 7 scrolls of remove curse
 e - 5 scrolls of identify
 h - a scroll of fear {unknown}
 i - 2 scrolls of amnesia
 k - 3 scrolls of enchant weapon
 o - 5 scrolls of immolation
 p - 5 scrolls of enchant armour
 s - a scroll of blinking {unknown}
 u - a scroll of magic mapping {unknown}
 w - a scroll of random uselessness {unknown}
 N - 3 scrolls of fog
 S - a scroll of holy word {unknown}
 U - a scroll of vulnerability {unknown}
 Y - a scroll of acquirement {unknown}
Potions
 f - 3 potions of flight
 j - 4 potions of curing
 n - 2 potions of brilliance
 q - 4 potions of ambrosia
 r - a potion of invisibility
 v - 3 potions of heal wounds
 z - 2 potions of cancellation
 B - 2 potions of might
 C - a potion of resistance {unknown}
 E - a potion of agility {unknown}
 G - 3 potions of haste
 K - 3 potions of degeneration
 T - 3 potions of lignification
 X - a potion of mutation {unknown}
Books
 g - a book of Misfortune

   Spells                             Type                      Level
   a - Confusing Touch                Hexes                        1
   b - Confuse                        Hexes                        3
   c - Gell's Gravitas                Translocation                3
   d - Petrify                        Transmutation/Earth          4
   e - Metabolic Englaciation         Hexes/Ice                    5
   f - Yara's Violent Unravelling     Hexes/Transmutation          5
   Trog disapproves of the use of such an item.
 D - a book of Cantrips

   Spells                             Type                      Level
   a - Confusing Touch                Hexes                        1
   b - Animate Skeleton               Necromancy                   1
   c - Summon Small Mammal            Summoning                    1
   d - Apportation                    Translocation                1
   Trog disapproves of the use of such an item.
 M - a book of Flames

   Spells                             Type                      Level
   a - Flame Tongue                   Conjuration/Fire             1
   b - Throw Flame                    Conjuration/Fire             2
   c - Conjure Flame                  Conjuration/Fire             3
   d - Inner Flame                    Hexes/Fire                   3
   e - Sticky Flame                   Conjuration/Fire             4
   f - Fireball                       Conjuration/Fire             5
   Trog disapproves of the use of such an item.
 P - a book of Changes

   Spells                             Type                      Level
   a - Beastly Appendage              Transmutation                1
   b - Sticks to Snakes               Transmutation                2
   c - Spider Form                    Transmutation/Poison         3
   d - Ice Form                       Ice/Transmutation            4
   e - Blade Hands                    Transmutation                5
   Trog disapproves of the use of such an item.
 W - a book of Frost

   Spells                             Type                      Level
   a - Freeze                         Ice                          1
   b - Throw Frost                    Conjuration/Ice              2
   c - Ozocubu's Armour               Charms/Ice                   3
   d - Throw Icicle                   Conjuration/Ice              4
   e - Summon Ice Beast               Ice/Summoning                4
   Trog disapproves of the use of such an item.
Miscellaneous
 l - a lightning rod (4/4)
 O - a fan of gales


   Skills:
 * Level 9.2 Fighting
 + Level 8.3 Armour
 + Level 9.0 Dodging
 + Level 4.5 Stealth
 + Level 15.5 Unarmed Combat


You had 12 spell levels left.
You didn't know any spells.

Dungeon Overview and Level Annotations

Branches:
Dungeon (14/15)            Temple (1/1) D:6            Lair (1/6) D:9
    Orc (0/2) D:12         Vaults (0/5) D:14

Altars:
Ashenzari
Cheibriados
Dithmenos
Elyvilon
Fedhas
Gozag
Hepliaklqana
Kikubaaqudgha
Makhleb
Nemelex Xobeh
Okawaru
Qazlal
Ru
Sif Muna
Trog
Uskayaw
Vehumet
Wu Jian
Xom
Yredelemnul
Zin
The Shining One

Shops:
D:4 ?   D:6 %=[=   D:12 :

Annotations:
D:9 Lair


Innate Abilities, Weirdness & Mutations

You have hoof-like feet.
You are mostly covered in icy blue scales. (AC +3)
A weak demonic guardian rushes to your aid.
When hurt, damage is shared between your health and your magic reserves.
You regenerate magic rapidly.
When low on magic, you restore magic in place of health.


Message History

A jelly comes into view.
The jelly quivers.
You lose consciousness!
The jelly hits you but does no damage. The jelly hits you.
You are splashed with acid!
The acid burns!
Your iron imp hits the jelly.
Your iron imp is burned by acid!
The jelly hits you but does no damage.
An orc comes into view. It is wielding a flail.
Your iron imp hits the jelly.
Your iron imp is burned by acid!
The jelly hits you but does no damage.
The orc moves out of view.
The jelly hits you but does no damage.
Your iron imp hits the jelly.
The acid corrodes your iron imp!
Your iron imp is burned by acid!
The jelly misses your iron imp.
Your iron imp hits the jelly.
The jelly dies!
Trog accepts your kill.
You have starved to death.
You die...

#...........#
#...........##
#............#
#.....####...##
#.##### .......
#.# ....... #.#
.......
#.######5..o...
#.#...@...#
#.#.####..# #
#.#.# ...# #
#.#.# ...# ##
#.#.# #...# #.
#.#.# ...# ##.
#.#.# #... #..
#.#.######...#
###..
#...........
.....


You could see an orc and a friendly iron imp.

Vanquished Creatures
  The ghost of BrokenGlass the Unseen, an adept OpEE (D:14)
  6 vault guards (D:14)
  Fannar (D:12)
  4 hydras
  Erica (D:8)
  3 centaur warriors
  7 two-headed ogres
  The ghost of kripto the Basher, a novice FoFi of Zin (D:8)
  Pikel (D:5)
  A deep elf mage (D:12)
  3 ugly things
  A manticore (D:6)
  4 slime creatures (D:12)
  2 cyclopes
  2 centaur zombies
  A gargoyle (D:13)
  The ghost of humperndinck the Chopper, a novice TeBe of Trog (D:4)
  3 meliai (D:13)
  A jumping spider (shapeshifter) (D:10)
  A hornet (D:12)
  4 hippogriffs
  A meliai zombie (D:14)
  Sigmund (D:2)
  3 wyverns
  3 shadows (D:14)
  17 yaks
  3 hogs (D:7)
  A steam dragon (D:9)
  A human (D:7)
  3 hungry ghosts
  Menkaure (D:4)
  8 vampire mosquitoes
  5 wargs
  Edmund (D:5)
  Duvessa (D:7)
  A sky beast (D:5)
  3 ice beasts
  8 orc warriors
  10 ogres
  An eye of draining (D:12)
  2 phantoms
  A black bear (D:11)
  15 centaurs
  A crocodile (D:12)
  2 big kobolds
  Blork the orc (D:4)
  8 bullfrogs
  Dowan (D:7)
  A scorpion (D:4)
  8 killer bees (D:8)
  3 crimson imps
  A bullfrog zombie (D:12)
  8 hounds
  13 orc priests
  2 bullfrog skeletons
  5 centaur skeletons
  3 jellies
  17 orc wizards
  Natasha (twice) (D:2)
  Ijyb (D:5)
  3 iguanas
  13 worker ants
  3 hound skeletons
  A howler monkey skeleton (D:11)
  6 gnolls
  10 adders
  2 shadow imps
  An adder zombie (D:5)
  An adder skeleton (D:9)
  2 worms
  2 dart slugs
  4 leopard geckos
  60 orcs
  5 bats
  5 giant cockroaches
  7 goblins
  8 hobgoblins
  11 jackals
  9 kobolds
  7 quokkas
  6 frilled lizards
  A leopard gecko skeleton (D:4)
  A leopard gecko zombie (D:6)
  A quokka skeleton (D:9)
  A quokka zombie (D:8)
  7 rats
  3 plants
396 creatures vanquished.

Vanquished Creatures (collateral kills)
  A two-headed ogre (D:12)
  A deep elf mage (D:12)
  A hippogriff (D:11)
  A hog (D:7)
  A yak (D:12)
  A centaur (D:12)
  A bullfrog (D:12)
  A jelly (D:14)
  An orc wizard (D:11)
  An orc (D:13)
  2 kobolds (D:12)
12 creatures vanquished.

Vanquished Creatures (others)
  2 slaves (D:5)
  A necrophage (D:5)
  A scorpion (D:5)
  An ooze (D:5)
  2 plants (D:6)
7 creatures vanquished.

Grand Total: 415 creatures vanquished

Notes
Turn   | Place    | Note
-------+----------+-------------------------------------------
     0 | D:1      | Redear the Demonspawn Berserker began the quest for the Orb.
     0 | D:1      | Reached XP level 1. HP: 18/18 MP: 1/1
   341 | D:1      | Gained mutation: You have large cloven feet. [demonic ancestry]
   341 | D:1      | Reached XP level 2. HP: 24/24 MP: 2/2
   352 | D:1      | Reached skill level 3 in Unarmed Combat
  1025 | D:2      | Noticed Sigmund
  1059 | D:2      | Killed Sigmund
  1059 | D:2      | Reached skill level 4 in Unarmed Combat
  1059 | D:2      | Reached XP level 3. HP: 9/29 MP: 3/3
  1059 | D:2      | Reached XP level 4. HP: 11/35 MP: 4/4
  1059 | D:2      | Gained mutation: You are partially covered in icy blue scales. (AC +2) [demonic ancestry]
  1059 | D:2      | Reached XP level 5. HP: 13/41 MP: 5/5
  1406 | D:2      | Noticed an ogre
  1415 | D:2      | Killed an ogre
  1415 | D:2      | Reached skill level 5 in Unarmed Combat
  1415 | D:2      | Gained mutation: When hurt, damage is shared between your health and your magic reserves. [demonic ancestry]
  1415 | D:2      | Reached XP level 6. HP: 47/47 MP: 6/6
  1706 | D:2      | Reached ** piety under Trog
  1889 | D:2      | Noticed Natasha
  1897 | D:2      | Killed Natasha
  2233 | D:2      | Noticed Natasha
  2248 | D:2      | Killed Natasha
  3013 | D:3      | Found a bloodstained altar of Trog.
  3191 | D:4      | Reached skill level 1 in Stealth
  3316 | D:4      | Found Xikepn's Magic Scroll Shoppe.
  3327 | D:4      | Bought a scroll of identify for 22 gold pieces
  3327 | D:4      | Bought a scroll of identify for 22 gold pieces
  3327 | D:4      | Bought a scroll of remove curse for 33 gold pieces
  3339 | D:4      | Bought a scroll of immolation for 38 gold pieces
  3348 | D:4      | Gained mutation: You are mostly covered in icy blue scales. (AC +3) [demonic ancestry]
  3348 | D:4      | Reached XP level 7. HP: 52/52 MP: 7/7
  3463 | D:4      | Noticed humperndinck's ghost (novice TeBe)
  3469 | D:4      | Noticed Blork the orc
  3479 | D:4      | Killed humperndinck's ghost
  3479 | D:4      | Reached skill level 6 in Unarmed Combat
  3481 | D:4      | Killed Blork the orc
  3496 | D:4      | Gained mutation: You have hoof-like feet. [demonic ancestry]
  3496 | D:4      | Reached XP level 8. HP: 44/60 MP: 6/8
  3549 | D:4      | Noticed Menkaure
  3557 | D:4      | Killed Menkaure
  3557 | D:4      | Reached skill level 7 in Unarmed Combat
  3832 | D:4      | Reached *** piety under Trog
  4275 | D:5      | Entered Level 5 of the Dungeon
  4354 | D:5      | Noticed Pikel
  4355 | D:5      | Noticed Ijyb
  4374 | D:5      | Killed Pikel
  4374 | D:5      | Reached skill level 5 in Dodging
  4374 | D:5      | Reached skill level 8 in Unarmed Combat
  4380 | D:5      | Paralysed by Ijyb for 4 turns
  4389 | D:5      | Killed Ijyb
  4458 | D:5      | Found a sparkling altar of Nemelex Xobeh.
  4478 | D:5      | Found a burning altar of Makhleb.
  4479 | D:5      | Found a glowing golden altar of the Shining One.
  4485 | D:5      | Found a sacrificial altar of Ru.
  4485 | D:5      | Found a hazy altar of Hepliaklqana.
  4796 | D:5      | Reached XP level 9. HP: 59/65 MP: 7/9
  4881 | D:5      | Noticed Edmund
  4894 | D:5      | Killed Edmund
  4983 | D:5      | Reached skill level 9 in Unarmed Combat
  5301 | D:6      | Found a staircase to the Ecumenical Temple.
  5314 | Temple   | Entered the Ecumenical Temple
  5622 | D:6      | Found Oppue's Jewellery Boutique.
  5660 | D:6      | Found Feowemy's Jewellery Shop.
  5665 | D:6      | Found Poegg's Antique Armour Emporium.
  5804 | D:7      | Found a burning altar of Makhleb.
  5804 | D:7      | Noticed a cacodemon
  5825 | D:7      | Noticed Duvessa
  5826 | D:7      | Noticed Dowan
  5835 | D:7      | Killed Duvessa
  5844 | D:7      | Killed Dowan
  6104 | D:7      | Reached **** piety under Trog
  6514 | D:7      | Found an ornate altar of the Wu Jian Council.
  6523 | D:7      | Noticed a two-headed ogre
  6534 | D:7      | Killed a two-headed ogre
  6534 | D:7      | Reached skill level 10 in Unarmed Combat
  6760 | D:7      | Reached skill level 5 in Armour
  6760 | D:7      | Gained mutation: A weak demonic guardian rushes to your aid. [demonic ancestry]
  6760 | D:7      | Reached XP level 10. HP: 73/73 MP: 10/10
  7166 | D:6      | Noticed a two-headed ogre
  7173 | D:6      | Killed a two-headed ogre
  7173 | D:6      | Reached skill level 11 in Unarmed Combat
  7345 | D:6      | Found Imoi's Food Shop.
  7623 | D:6      | Noticed a manticore
  7801 | D:6      | Killed a manticore
  8551 | D:8      | Noticed a seven-headed hydra
  8551 | D:8      | Noticed a centaur warrior
  8553 | D:8      | Noticed a skeletal warrior
  8557 | D:8      | Noticed a centaur warrior
  8558 | D:8      | Noticed Erica
  8559 | D:8      | Noticed a frost giant
  8578 | D:8      | Killed Erica
  8578 | D:8      | Reached skill level 5 in Fighting
  8748 | D:8      | Found Juem's Gadget Shop.
  8913 | D:8      | Received a gift from Trog
  8923 | D:8      | Noticed kripto's ghost (novice FoFi)
  8950 | D:8      | Killed kripto's ghost
  8950 | D:8      | Gained mutation: You regenerate magic rapidly. [demonic ancestry]
  8950 | D:8      | Reached XP level 11. HP: 34/79 MP: 6/11
 10033 | D:9      | Reached skill level 12 in Unarmed Combat
 10232 | D:9      | Found a staircase to the Lair.
 10987 | Lair:1   | Entered Level 1 of the Lair of Beasts
 11477 | D:6      | Bought an uncursed ring of see invisible for 210 gold pieces
 11586 | D:10     | Entered Level 10 of the Dungeon
 13032 | D:11     | Noticed a two-headed ogre
 13059 | D:11     | Killed a two-headed ogre
 13336 | D:11     | Reached ***** piety under Trog
 13538 | D:11     | Reached skill level 13 in Unarmed Combat
 13542 | D:11     | Noticed a green ugly thing
 13597 | D:11     | Killed a green ugly thing
 13698 | D:11     | Got a slimy mace
 13729 | D:11     | Noticed a cyan ugly thing
 13735 | D:11     | Killed a cyan ugly thing
 14507 | D:12     | Noticed a deep elf mage
 14572 | D:12     | Killed a deep elf mage
 14602 | D:12     | Noticed a deep elf mage
 14627 | D:12     | Killed a deep elf mage
 14629 | D:12     | Gained mutation: When low on magic, you restore magic in place of health. [demonic ancestry]
 14629 | D:12     | Reached XP level 12. HP: 89/89 MP: 8/12
 14753 | D:12     | Noticed a seven-headed hydra
 14759 | D:12     | Killed a seven-headed hydra
 15098 | D:12     | Noticed a two-headed ogre
 15108 | D:12     | Killed a two-headed ogre
 15308 | D:12     | Found a staircase to the Orcish Mines.
 15745 | D:12     | Found Elaprif's Book Shop.
 15786 | D:12     | Noticed Fannar
 15806 | D:12     | Killed Fannar
 15806 | D:12     | Reached skill level 14 in Unarmed Combat
 16115 | D:12     | Noticed a two-headed ogre
 16124 | D:12     | Killed a two-headed ogre
 16130 | D:12     | Noticed a two-headed ogre
 16137 | D:12     | Killed a two-headed ogre
 16479 | D:13     | Noticed a two-headed ogre
 16487 | D:13     | Killed a two-headed ogre
 16849 | D:13     | Noticed a five-headed hydra
 16862 | D:13     | Killed a five-headed hydra
 16909 | D:13     | Noticed a centaur warrior
 16924 | D:13     | Killed a centaur warrior
 16924 | D:13     | Reached XP level 13. HP: 92/98 MP: 9/13
 18120 | D:14     | Reached skill level 15 in Unarmed Combat
 18333 | D:14     | Found a gate to the Vaults.
 18962 | D:14     | Noticed BrokenGlass's ghost (adept OpEE)
 18973 | D:14     | Killed BrokenGlass's ghost
 19031 | D:14     | Paralysed by fainting for 6 turns
 19087 | D:14     | Paralysed by fainting for 12 turns
 19097 | D:14     | Starved to death

Skill      XL: |  1  2  3  4  5  6  7  8  9 10 11 12 13 |
---------------+----------------------------------------+-----
Unarmed Combat | 4 5 6 8 10 11 13 14 15 | 15.5
Dodging        | 3 4 5 6 7 8 9 |  9.0
Armour         | 2 3 5 6 7 8 |  8.3
Stealth        | 1 2 3 4 |  4.5
Fighting       | 4 5 6 8 9 |  9.2

Action                   |  1- 3 |  4- 6 |  7- 9 | 10-12 | 13-15 || total
-------------------------+-------+-------+-------+-------+-------++-------
Melee: Unarmed           |    52 |   163 |   271 |   931 |   217 ||  1634
       Kick              |    10 |    53 |    82 |    17 |       ||   162
       Punch             |       |     7 |     4 |    36 |       ||    47
Invok: Berserk           |     1 |     6 |    11 |    24 |     4 ||    46
       Trog's Hand       |       |       |     2 |    24 |     7 ||    33
       Burn Spellbooks   |       |       |     1 |       |       ||     1
       Brothers in Arms  |       |       |       |       |     1 ||     1
  Use: Scroll            |       |     2 |       |     1 |    14 ||    17
       Potion            |       |       |       |     1 |     4 ||     5
 Stab: Sleeping          |       |       |       |     2 |       ||     2
       Distracted        |       |       |       |     2 |     1 ||     3
  Eat: Chunk             |       |     8 |     1 |    19 |       ||    28
       Ration            |       |     2 |     6 |    13 |     4 ||    25
Armor: Animal skin       |    16 |    29 |       |       |       ||    45
       Ring mail         |       |     1 |    80 |   313 |    75 ||   469
Dodge: Dodged            |    53 |    96 |   151 |   632 |    76 ||  1008
Block: Buckler           |       |       |       |    49 |    22 ||    71
